[Event "Turnier 1900-2000 "]
[Site "?"]
[Date "2006.??.??"]
[Round "?"]
[White "Centurion, Saitek"]
[Black "Polgar, Mephisto"]
[Result "1/2-1/2"]
[ECO "D02"]
[WhiteElo "1978"]
[BlackElo "1970"]
[Annotator "Thomas Jäger"]
[PlyCount "116"]
[EventDate "2006.??.??"]
[TimeControl "300+2"]

{32MB, book.ctg, ANJATHOMAS} 1. d4 d5 2. g3 {letzter Buchzug} e6 3. Bg2 Nf6 4.
Nf3 Be7 {letzter Buchzug} 5. O-O c5 6. c3 Nbd7 7. Bg5 O-O 8. Nbd2 b6 9. Qa4 Bb7
10. Rfd1 a6 11. a3 h6 12. Bf4 Rc8 13. Rac1 b5 14. Qb3 Nh5 15. Be3 Qc7 16. Qc2
cxd4 17. Nxd4 e5 {?!} 18. Nf5 Rfe8 19. a4 d4 {
in den Komplikationen kommt Centurion in Vorteil} 20. Bxb7 Qxb7 21. Qe4 Qxe4
22. Nxe4 dxe3 23. Rxd7 exf2+ 24. Kxf2 Bc5+ 25. Nxc5 Rxc5 26. Nd6 Re6 27. axb5
axb5 28. Ra1 Nf6 29. Rd8+ Kh7 30. Nxf7 Ng4+ 31. Kg1 Rf6 32. Rd7 e4 33. h3 Ne3
34. g4 Rd5 35. Rxd5 Nxd5 36. Ne5 Nf4 37. e3 Nxh3+ 38. Kg2 Nf2 39. c4 bxc4 40.
Rf1 Re6 {diese Abwicklung bringt Polgar wieder in Nachteil} (40... Nd3 41. Rxf6
gxf6 42. Nxc4 Kg6 $11) 41. Nd7 Nxg4 42. Nf8+ Kg8 43. Nxe6 Nxe3+ 44. Kf2 Nxf1
45. Kxf1 g5 46. Nc5 e3 47. Ke2 g4 48. Ne4 Kg7 49. Kxe3 h5 50. Kf4 Kg6 51. Nd6
c3 52. bxc3 Kf6 53. Ne4+ Kf7 {Ke6} 54. Kg5 {?} Ke6 55. Nf6 {
? +3,4 Centurion weiss nicht, dass der Springer alleine nicht reicht!!} Ke5 56.
Nxh5 Kd5 57. Nf4+ {C +3,4 schon peinlich!} Kc4 58. Kxg4 Kxc3 1/2-1/2

[Event "Turnier 1900-2000 "]
[Site "?"]
[Date "2006.??.??"]
[Round "?"]
[White "Polgar, Mephisto"]
[Black "Centurion, Saitek"]
[Result "1-0"]
[ECO "C14"]
[WhiteElo "1970"]
[BlackElo "1978"]
[Annotator "Thomas Jäger"]
[PlyCount "179"]
[EventDate "2006.??.??"]
[TimeControl "300+2"]

{32MB, book.ctg, ANJATHOMAS} 1. e4 e6 2. d4 d5 3. Nc3 Nf6 4. Bg5 Be7 5. e5 Nfd7
6. Bxe7 Qxe7 7. f4 O-O 8. Nf3 c5 9. Bd3 f5 10. exf6 Rxf6 {letzter Buchzug} 11.
Qd2 Nc6 12. dxc5 {letzter Buchzug} Nxc5 13. Be2 a6 14. O-O b5 15. a3 Qa7 16.
Kh1 Qc7 17. Qe3 (17. Nxd5 exd5 18. Qxd5+ Ne6 19. f5 Kh8 20. fxe6 Bxe6 21. Qc5)
17... Ne7 18. Nd4 Bd7 19. Rae1 Raf8 20. b4 Nb7 21. Bg4 Nd8 22. g3 Nec6 23. Nf3
Bc8 24. Kg1 Nf7 25. Qd3 Qb6+ 26. Kh1 Qc7 27. h3 Ne7 28. Kg2 g6 29. Qd4 Nh6 30.
Nh2 g5 31. Qe5 Qxe5 32. fxe5 Rxf1 33. Rxf1 Rxf1 34. Kxf1 Nc6 35. Nf3 Nxg4 36.
hxg4 h6 37. Ne2 Bb7 38. Ned4 Nxd4 39. Nxd4 {
man meint Weiss steht besser. Beide Computer sehen das nicht so} Kf7 40. Nb3
Ke7 41. Nc5 Bc8 42. Ke2 Kf7 43. Kd3 Ke8 44. Ke3 Kd8 45. a4 (45. Kd4 Kc7 46. Nb3
Kc6) 45... bxa4 46. Nxa4 Kc7 47. Kd4 Kc6 48. c4 dxc4 49. Kxc4 Kb7 50. Kd3 Kb8
51. Kd4 (51. Nc5 Kc7 52. Ne4 Bb7 53. Nd6 Bf3 54. Nf7 Bxg4 55. Nxh6 Bh5 56. Ng8
{=}) 51... Kc7 52. Kc3 Kb7 53. Kd3 Ka7 54. Nc5 Kb6 55. Kc4 Kc7 56. Kd4 Kc6 57.
Kc4 Kb6 58. Na4+ Kc6 59. Nc5 Kb6 60. Na4+ Kc7 {ab jetzt 1 min/Z} 61. Kc3 Kb7
62. Nc5+ Kb8 (62... Kc6 63. Kc4 {remis!}) 63. Ne4 Kc7 64. Nd6 Bb7 65. Nf7 Kc6
66. Nd8+ Kb6 67. Nxe6 Bf3 68. Ng7 Kc7 69. Nf5 Bxg4 70. Nxh6 Be6 71. Kd3 Kc6 72.
Ke4 Kb5 73. Nf5 Kxb4 74. Ng7 Bf7 {?} 75. e6 Bg6+ 76. Ke5 Bc2 77. e7 Ba4 78. Kf5
Bd7+ 79. Kxg5 {wohl nicht gut} a5 80. Nh5 a4 81. Nf6 Bc6 82. Nd5+ Kb3 83. Nf4
a3 84. Nd3 a2 {er versteht nichts!} 85. Nc1+ Ka3 86. Nxa2 Kxa2 87. Kf6 Kb3 88.
Kf7 Bd7 89. Kf8 Kc4 90. g4 {jetzt erst sieht es der Centurion!} 1-0

[Event "Turnier 1900-2000 "]
[Site "?"]
[Date "2006.??.??"]
[Round "?"]
[White "Elite V2, Fidelity"]
[Black "Super Expert B 6 MHz, Novag"]
[Result "0-1"]
[ECO "B99"]
[WhiteElo "1993"]
[BlackElo "1919"]
[Annotator "Thomas Jäger"]
[PlyCount "109"]
[EventDate "2006.??.??"]
[TimeControl "300+2"]

{32MB, book.ctg, ANJATHOMAS} 1. e4 c5 2. Nf3 d6 3. d4 Nf6 4. Nc3 cxd4 5. Nxd4
a6 6. Bg5 e6 7. f4 Be7 8. Qf3 Qc7 9. O-O-O Nbd7 10. Be2 b5 11. Bxf6 Nxf6 12. e5
Bb7 13. exf6 Bxf3 14. Bxf3 Bxf6 15. Bxa8 d5 16. Bxd5 Bxd4 {letzter Buchzug} 17.
Rxd4 exd5 {SEB +0,07} 18. Re1+ Kf8 19. Re5 g6 20. Nxd5 {letzter Buchzug} Qc5
21. c3 Kg7 22. h3 Qc6 23. Kb1 a5 24. f5 gxf5 25. Ne3 Re8 26. Rxe8 Qxe8 27.
Nxf5+ Kf6 28. Nd6 Qc6 29. Rd2 Ke6 30. Kc2 b4 31. c4 Qa4+ 32. Kb1 b3 33. axb3
Qxb3 34. c5 Qe3 35. Rc2 h5 36. Ne8 (36. c6 Kxd6 37. c7 Qe1+ 38. Rc1 Qe4+ 39.
Rc2 Qe1+ 40. Rc1 Qe4+ 41. Rc2 Qe1+ {remis}) 36... Qg1+ 37. Ka2 Qd1 38. Rc4 a4
39. Rc3 Qd5+ 40. Ka3 Qd1 41. Ng7+ {?} Kf6 {Kd7 war besser} 42. Nxh5+ Qxh5 43.
Kxa4 Qd1+ 44. Ka3 Ke6 45. b4 Qd2 46. Rg3 Kd5 47. Ka4 Kc6 48. Ra3 Qc2+ 49. Ka5
Qxg2 50. Ka4 Qc2+ 51. Ka5 f5 52. h4 f4 53. b5+ Kxc5 54. Ka6 f3 55. Rxf3 {
Elite -8,34} 0-1

[Event "Turnier 1900-2000 "]
[Site "?"]
[Date "2006.??.??"]
[Round "?"]
[White "Centurion, Saitek"]
[Black "Roma II, Mephisto"]
[Result "1/2-1/2"]
[ECO "A28"]
[WhiteElo "1978"]
[BlackElo "1970"]
[Annotator "Thomas Jäger"]
[PlyCount "138"]
[EventDate "2006.??.??"]
[TimeControl "300+2"]

{32MB, book.ctg, ANJATHOMAS} 1. c4 e5 2. Nc3 Nf6 3. Nf3 Nc6 4. d4 e4 5. Nd2 {
letzter Buchzug} Nxd4 {letzter Buchzug} 6. e3 Ne6 7. Ncxe4 Be7 8. Be2 O-O 9.
O-O d6 10. Bf3 c6 11. b3 d5 12. cxd5 cxd5 13. Nxf6+ Bxf6 14. Ba3 Bxa1 15. Bxf8
Be5 16. Ba3 Qc7 17. Bxd5 Bxh2+ 18. Kh1 Bd6 19. Bxd6 Qxd6 20. Nc4 Qc7 21. Qh5 h6
22. Rd1 Rb8 23. Qe5 Qxe5 24. Nxe5 f6 25. Rc1 Kf8 {? Kh7} 26. Bxb7 Rxb7 27.
Rxc8+ Ke7 28. Nf3 Kd7 29. Rc4 h5 30. Kh2 Kd6 31. Nd4 Nxd4 32. Rxd4+ Ke5 33. f4+
Ke6 34. e4 g5 35. Kg3 Rb5 36. Rc4 Kd7 37. b4 gxf4+ 38. Kxf4 Kd6 39. a4 Rg5 40.
b5 Rc5 (40... Rxg2 41. Rc6+ Kd7 42. Ra6 Kc7 43. Rxa7+) 41. Rd4+ (41. Rxc5 Kxc5
42. Kf5 {gewinnt!}) 41... Ke6 42. Rd8 Rc4 43. a5 Rc2 44. Re8+ Kd6 45. Ra8 Rb2
46. Rxa7 Rxb5 47. Ra8 Rg5 48. g3 Kd7 49. Ra6 Ke7 50. Kf3 Rc5 51. Ra8 Rc3+ 52.
Kf4 Ra3 53. a6 Kf7 54. a7 Kg7 55. e5 fxe5+ 56. Kxe5 Ra2 57. Kf5 Ra5+ 58. Kf4
Kh7 59. Ke4 Kg7 60. Kd4 Ra3 {ab jetzt 1 min/Z} 61. Kd5 Ra2 62. Ke5 Ra4 63. Kd6
Ra3 64. Kc5 Ra6 65. Kc4 Ra1 66. Kb3 Ra6 67. Kc3 Ra2 68. Kd3 Kh7 69. Ke4 Ra5 {
hält leicht remis} 1/2-1/2

[Event "Turnier 1900-2000 "]
[Site "?"]
[Date "2006.??.??"]
[Round "?"]
[White "Super Expert B 6 MHz, Novag"]
[Black "Elite V2, Fidelity"]
[Result "0-1"]
[ECO "B83"]
[WhiteElo "1919"]
[BlackElo "1993"]
[Annotator "Thomas Jäger"]
[PlyCount "100"]
[EventDate "2006.??.??"]
[TimeControl "300+2"]

{32MB, book.ctg, ANJATHOMAS} 1. e4 c5 2. Nf3 Nf6 3. Nc3 e6 4. d4 cxd4 5. Nxd4
d6 6. Be2 Be7 7. O-O O-O 8. f4 Nc6 9. Be3 Qc7 10. Kh1 {letzter Buchzug} Nxd4
11. Qxd4 a6 12. Rad1 e5 {letzter Buchzug} 13. Qc4 Qxc4 14. Bxc4 Bg4 15. Rd2
Rac8 16. Bd5 Nxd5 17. Nxd5 Bd8 18. h3 Be6 19. f5 Bxd5 20. exd5 h5 21. g3 Rc4
22. Kg2 Bf6 23. c3 Rfc8 24. Re2 b5 25. Bf2 b4 26. cxb4 Rxb4 27. b3 Rb5 28. Rd1
Kh7 29. Kf3 g6 30. g4 gxf5 31. gxf5 Rb4 32. Be3 Rc3 33. Kg2 Re4 34. Rde1 Rd3
35. Bc1 Rxe2+ 36. Rxe2 Rxd5 37. Ba3 Rd3 38. Bb2 h4 39. Kh2 Rf3 40. Rd2 Bg5 41.
Re2 Bf4+ 42. Kg2 Rg3+ 43. Kf2 Rxh3 44. Kg1 Rd3 45. Re1 Kh6 46. Bc1 Kg5 47. Kf2
Kxf5 48. Ke2 Rd4 49. Bxf4 Rxf4 50. Rd1 Ke6 0-1

[Event "Turnier 1900-2000 "]
[Site "?"]
[Date "2006.??.??"]
[Round "?"]
[White "Roma II, Mephisto"]
[Black "Centurion, Saitek"]
[Result "1-0"]
[ECO "C17"]
[WhiteElo "1970"]
[BlackElo "1978"]
[Annotator "Thomas Jäger"]
[PlyCount "99"]
[EventDate "2006.??.??"]
[TimeControl "300+2"]

{96MB, book.ctg, ANJATHOMAS} 1. e4 e6 2. Nc3 d5 3. d4 Bb4 4. e5 c5 {
letzter Buchzug} 5. Bd2 Nc6 6. Nb5 Bxd2+ 7. Qxd2 Nxd4 8. Nxd4 cxd4 9. f4 {
letzter Buchzug} Ne7 10. Nf3 Nf5 11. O-O-O O-O 12. Nxd4 Nxd4 13. Qxd4 Qa5 14.
Kb1 b6 15. h4 Bb7 16. h5 Rac8 17. h6 g6 18. f5 Qc5 19. Qxc5 Rxc5 20. fxg6 fxg6
21. c3 Rf2 22. Rh4 a5 23. g3 Rf5 24. Re1 Rf3 25. Rg4 Rc8 26. Bh3 Rcf8 27. c4
Rf2 28. Rd4 Kf7 29. Rc1 g5 30. Rdd1 Ke7 31. cxd5 Bxd5 32. Rc7+ Ke8 33. Rdc1 b5
34. Ka1 Be4 35. Bxe6 Rd2 36. Bh3 {Lg4!} Rff2 37. Rg7 Bc2 {Tc2} 38. Rg8+ Ke7 39.
Rxg5 Rh2 40. Rg7+ Kf8 41. Bf1 Rxh6 42. Rc7 Bf5 43. Bxb5 Rhh2 44. Ra7 Rxb2 45.
Bc4 Bg4 46. e6 Bxe6 47. Bxe6 Rhc2 48. Rf1+ Ke8 49. Rxh7 Rf2 50. Rfh1 1-0

[Event "Turnier 1900-2000 "]
[Site "?"]
[Date "2006.??.??"]
[Round "?"]
[White "Elite V2, Fidelity"]
[Black "Super Expert B 6 MHz, Novag"]
[Result "1/2-1/2"]
[ECO "C84"]
[WhiteElo "1993"]
[BlackElo "1919"]
[Annotator "Thomas Jäger"]
[PlyCount "117"]
[EventDate "2006.??.??"]
[TimeControl "300+2"]

{32MB, book.ctg, ANJATHOMAS} 1. e4 e5 2. Nf3 Nc6 3. Bb5 a6 4. Ba4 Nf6 5. d4
exd4 6. O-O Be7 7. Re1 b5 8. e5 Nxe5 9. Rxe5 d6 {letzter Buchzug} 10. Re1 bxa4
11. Nxd4 Bd7 12. Qf3 O-O 13. Nc6 Bxc6 14. Qxc6 {letzter Buchzug} Re8 15. Nc3 a3
16. bxa3 Ng4 17. Bf4 Bf6 18. Rad1 Be5 19. Nd5 Bxf4 20. Nxf4 Ne5 21. Qe4 c6 22.
Nd3 d5 23. Qa4 Nxd3 24. cxd3 Qb6 25. Rc1 Qb5 26. Qb3 Rab8 27. d4 Rxe1+ 28. Rxe1
h6 29. Re3 a5 30. f4 a4 31. Qxb5 Rxb5 32. Re8+ Kh7 33. Ra8 Rb1+ 34. Kf2 Rb2+
35. Kf3 Rxa2 36. Rxa4 g6 37. h3 Kg7 38. g3 Rc2 39. Ra7 Rc3+ 40. Kf2 h5 41. h4
Rd3 42. Ra6 Kf6 43. a4 Rxd4 44. Rxc6+ Kf5 45. a5 Ra4 46. Rc5 Ke4 {
SEB steht jetzt klar besser} 47. Ke2 Ra2+ 48. Kd1 d4 49. Rb5 d3 50. Kc1 Ke3 51.
Re5+ Kd4 {?!} 52. Re7 Rxa5 53. Rxf7 Ra1+ 54. Kd2 Ra2+ 55. Ke1 Rg2 56. f5 gxf5 (
56... Rxg3 57. Rd7+ Ke4 {war vielleicht noch eine Chance}) 57. Rxf5 Rxg3 58.
Rxh5 Rg1+ 59. Kd2 1/2-1/2

[Event "Turnier 1900-2000 "]
[Site "?"]
[Date "2006.??.??"]
[Round "?"]
[White "Centurion, Saitek"]
[Black "Roma II, Mephisto"]
[Result "0-1"]
[ECO "B14"]
[WhiteElo "1978"]
[BlackElo "1970"]
[Annotator "Thomas Jäger"]
[PlyCount "170"]
[EventDate "2006.??.??"]
[TimeControl "300+2"]

{32MB, book.ctg, ANJATHOMAS} 1. e4 c6 2. d4 d5 3. exd5 cxd5 4. c4 Nf6 5. Nc3 e6
6. Nf3 {letzter Buchzug} Bb4 {letzter Buchzug} 7. Bf4 Nc6 8. Rc1 O-O 9. Bd3
dxc4 10. Bxc4 Nd5 11. Bg3 Bd6 12. O-O Bxg3 13. hxg3 Nxc3 14. bxc3 b6 15. Qc2
Bb7 16. Bd3 h6 17. Bh7+ Kh8 18. Be4 Rc8 19. Rb1 Qd6 20. Rfd1 Rc7 21. Qe2 Rfc8
22. Re1 Na5 23. Ne5 Bxe4 24. Qxe4 Kg8 25. Rbc1 Qa3 {?!} 26. d5 exd5 27. Qxd5
Qc5 28. Qxc5 Rxc5 29. Re3 R5c7 30. Kf1 Kf8 31. Rd3 Nc4 32. Nxc4 Rxc4 33. Ke2 a6
34. Kd2 b5 35. Rb1 R4c5 36. Rd1 g6 37. a3 h5 38. Re1 a5 39. Ree3 R8c7 40. Rd8+
Kg7 41. Ra8 a4 42. Rd8 f5 43. Rd6 Kh7 44. f4 Kh6 45. Ree6 Rg7 46. Kd3 Kh7 47.
Re5 Rc8 48. Kd2 Rgc7 49. Rxb5 Rxc3 50. Rb7+ Kh6 51. Rdd7 Rc2+ 52. Kd1 Rc1+ 53.
Ke2 Rh8 54. Ra7 Rc2+ 55. Rd2 Rc3 56. Rxa4 Re8+ 57. Kf2 Ree3 58. Rd8 Rxa3 59.
Ra7 Rxa7 60. Kxe3 Rc7 {ab jetzt 1 min/Z} 61. Kd4 Kg7 62. Kd3 Rc6 63. Ke3 Kf6
64. Kd3 Ra6 65. Kc4 Ra2 66. Rd6+ Kg7 67. Rd3 Rxg2 68. Kd4 Kf6 69. Rb3 Rd2+ 70.
Rd3 Rxd3+ 71. Kxd3 Ke6 72. Kd4 Kd6 73. Kc4 Kc6 {? g5!} 74. Kd4 Kd7 75. Kd5 Ke7
76. Ke5 Kf7 77. Kd4 {!} Ke6 78. Ke3 Ke7 79. Kd4 Kf7 80. Ke5 {?} Kg7 81. Ke6 Kh6
82. Ke5 h4 83. gxh4 Kh5 84. Kf6 Kxh4 85. Kxg6 Kg4 0-1

[Event "Turnier 1900-2000 "]
[Site "?"]
[Date "2006.??.??"]
[Round "?"]
[White "Super Expert B 6 MHz, Novag"]
[Black "Elite V2, Fidelity"]
[Result "0-1"]
[ECO "A33"]
[WhiteElo "1919"]
[BlackElo "1993"]
[Annotator "Thomas Jäger"]
[PlyCount "86"]
[EventDate "2006.??.??"]
[TimeControl "300+2"]

{32MB, book.ctg, ANJATHOMAS} 1. d4 Nf6 2. c4 c5 3. Nf3 cxd4 4. Nxd4 e6 5. Nc3
Nc6 6. g3 Bc5 7. Nb3 Bb4 8. Bg2 d5 9. cxd5 {letzter Buchzug} Nxd5 10. a3 Bxc3+
11. bxc3 O-O 12. Qc2 Qc7 {letzter Buchzug} 13. O-O Rd8 14. Bd2 e5 15. Rad1 Nde7
16. Bg5 Bf5 17. e4 Bg4 18. Rxd8+ Rxd8 19. h3 Bh5 20. Bh4 Qd6 21. Qa2 f6 22. f4
Bf7 23. Qb2 Bc4 24. Rb1 exf4 25. g4 b6 26. Kh1 Qd3 {Sg6 ist besser} 27. Re1 Ng6
{Hauptsache unübersichtlich} 28. Bf2 {Lf1!?} Qd6 29. Nd4 Nge5 30. Bf1 Bxf1 31.
Rxf1 Nc4 32. Qa2 N6a5 33. a4 Kh8 34. Bg1 Qe5 35. Re1 Nd6 36. Qc2 Rc8 37. Qd3
Nab7 38. Bh2 Nc5 39. Qf3 g5 40. Nb5 Nxa4 41. Nxd6 Qxd6 42. Rd1 Qa3 43. Rd4 Rxc3
{und gewinnt leicht} 0-1

[Event "Turnier 1900-2000 "]
[Site "?"]
[Date "2006.??.??"]
[Round "?"]
[White "Roma II, Mephisto"]
[Black "Centurion, Saitek"]
[Result "1/2-1/2"]
[ECO "B10"]
[WhiteElo "1970"]
[BlackElo "1978"]
[Annotator "Thomas Jäger"]
[PlyCount "143"]
[EventDate "2006.??.??"]
[TimeControl "300+2"]

{32MB, book.ctg, ANJATHOMAS} 1. e4 c6 2. Nf3 d5 {letzter Buchzug} 3. Nc3 {
letzter Buchzug} e6 4. exd5 cxd5 5. d4 Bb4 6. Bg5 Ne7 7. Bd3 Bxc3+ 8. bxc3 O-O
9. O-O f6 10. Bf4 Nbc6 11. Re1 b6 12. c4 dxc4 13. Bxc4 Nd5 14. Qd2 Qd7 15. Rab1
Bb7 16. Rb2 Rac8 17. Bg3 Na5 18. Bb5 Qf7 19. a3 {Schwarz steht jetzt besser}
Nc3 20. Be2 Qe7 21. Ra1 Rfd8 22. Rb4 Nxe2+ 23. Qxe2 Bxf3 24. Qxf3 Nc6 25. c3 {
andere Züge sind nicht besser} Nxb4 26. axb4 Rc4 27. Bf4 Rdc8 28. Bd2 Qd7 29.
Qe3 R4c6 30. Qe2 Rd8 31. Ra3 Qe7 32. Qe4 Rc7 33. Ra1 e5 34. Qd3 exd4 {?!} 35.
cxd4 Qf7 36. Be3 Rcd7 37. Qc2 Rd5 38. Ra6 f5 39. g3 f4 40. gxf4 Qd7 41. Qc4
Qg4+ 42. Kf1 Qd1+ 43. Kg2 b5 44. Qc7 Qg4+ 45. Kf1 Qh3+ 46. Kg1 Rc8 47. Qxa7 Rh5
{?! Te7!} 48. Qe7 Qxh2+ 49. Kf1 Qh3+ 50. Ke1 Qf5 51. Ke2 Qg4+ 52. Kd3 Qd1+ 53.
Ke4 Qh1+ 54. Kd3 Qf1+ {Db1 ist besser} 55. Ke4 Qb1+ 56. Kf3 Rf8 57. Qe6+ Kh8
58. Ra7 Qd1+ 59. Ke4 Qf1 60. Qd7 Qg2+ {ab jetzt 1 min/Z} 61. Kd3 Rd5 62. Qb7
Rfd8 63. Kc3 h6 64. Ra8 Rxa8 65. Qxa8+ Kh7 66. Qe8 Qg6 67. Qe7 Qc6+ 68. Kb2 Kg6
69. f3 Qc4 {? unglaublich} 70. Qe6+ Kh7 71. Qe4+ g6 72. Qe7+ 1/2-1/2

[Event "Turnier 1900-2000 "]
[Site "?"]
[Date "2006.??.??"]
[Round "?"]
[White "Polgar, Mephisto"]
[Black "Citrine, Novag"]
[Result "0-1"]
[ECO "E17"]
[WhiteElo "1970"]
[BlackElo "1990"]
[Annotator "Thomas Jäger"]
[PlyCount "86"]
[EventDate "2006.??.??"]
[TimeControl "300+2"]

{32MB, book.ctg, ANJATHOMAS} 1. d4 Nf6 2. c4 e6 3. Nf3 b6 {letzter Buchzug} 4.
g3 Bb7 5. Bg2 Be7 6. O-O {letzter Buchzug} a6 7. Nc3 O-O 8. Bg5 d6 9. Re1 Ne4
10. Nxe4 Bxe4 11. Bxe7 Qxe7 12. Nh4 Bxg2 13. Nxg2 Qf6 14. Qd2 c5 15. Rad1 Nc6
16. e3 b5 17. b3 cxd4 18. exd4 bxc4 19. bxc4 e5 20. dxe5 Nxe5 21. Nh4 Nxc4 22.
Qd4 Qxd4 23. Rxd4 Rfc8 24. Nf5 Ne5 25. Kg2 Rc2 26. a4 Rb8 27. Rxd6 Ng4 28. Rf1
g6 29. h3 gxf5 30. hxg4 fxg4 31. Rxa6 Kg7 32. Ra5 Kg6 33. Rd5 Ra2 {
Tb4 ist besser} 34. Rd4 h5 35. Rc1 Rbb2 36. Rc6+ Kg7 37. Rf4 Ra1 38. Rc7 Kg6
39. Ra7 {
? Polgar muss mit Tf7 remis forcieren. Jetzt gibt es ein schnelles matt} Rbb1
40. Ra6+ Kg7 41. Rxf7+ Kxf7 42. Ra7+ Ke6 43. Ra6+ {jetzt sehen beide das Matt}
Kd5 0-1

[Event "Turnier 1900-2000 "]
[Site "?"]
[Date "2006.??.??"]
[Round "?"]
[White "Citrine, Novag"]
[Black "Polgar, Mephisto"]
[Result "1-0"]
[ECO "C64"]
[WhiteElo "1990"]
[BlackElo "1970"]
[Annotator "Thomas Jäger"]
[PlyCount "165"]
[EventDate "2006.??.??"]
[TimeControl "300+2"]

{32MB, book.ctg, ANJATHOMAS} 1. e4 e5 2. Nf3 Nc6 3. Bb5 Bc5 4. c3 {
letzter Buchzug} Nf6 {letzter Buchzug} 5. d3 Qe7 6. O-O a6 7. Bxc6 dxc6 8. d4
exd4 9. cxd4 Bb4 10. a3 Ba5 11. Qa4 {
typisch für die neueren Novags, aber nicht gut} Bb6 12. Bg5 h6 13. Bh4 g5 14.
e5 gxh4 15. exf6 Qxf6 16. Re1+ Kf8 {Kd8!} 17. Nbd2 {Citrine -0,66} Be6 18. Ne4
Qf4 19. Qb4+ Kg7 20. Ne5 Bd5 21. Nc5 Rhe8 22. Qc3 f6 23. Ned7 Qg4 24. f3 Qf4 {
Polgar rechnete wohl zuvor, dass dies an Lf3 scheitert, aber nach Df3 Dd4 Df2
behält WeissdieMehrfigur} 25. Nxb6 cxb6 26. Nd3 Qg5 27. Nf2 Rad8 28. Nh3 Qg6
29. Rxe8 Qxe8 30. Re1 Qd7 31. Nf4 Bf7 32. Re4 c5 33. dxc5 bxc5 34. Qxc5 Qd1+
35. Kf2 Qd2+ 36. Ne2 Qxb2 37. Rg4+ Kh8 38. Qe3 Kh7 39. Rxh4 Qd2 40. Qe7 Rd7 41.
Qxf6 Bg6 42. Rd4 Rxd4 43. Qxd4 Qd3 44. Qxd3 Bxd3 45. g3 Bc4 46. Ke3 Kg6 47. Nd4
Bd5 48. Ne2 {?! stand doch sehr gut auf d4} Bc4 49. Nf4+ Kf6 50. Kd4 Bb3 51.
Nd3 Ba4 52. Nc5 Bc6 53. Ke3 Kg6 54. Kf4 a5 55. Nd3 Bd5 56. Ne5+ Kg7 57. Ke3 Kf6
58. Kd4 Be6 59. Nc4 a4 60. Kc5 Bd7 {ab jetzt 1 min/Z} 61. Nd6 Bc6 62. f4 Ke6
63. Nb5 Kf6 64. Nd4 Bd7 65. Kb6 Bc8 66. Nb5 Ke7 67. Ka5 Bd7 68. Nc3 Kd6 69. Kb4
Kc6 70. Nxa4 Bf5 71. Nc3 {Citrine +3,70} Kd6 72. Kb5 Bd7+ 73. Kb6 Bc6 74. g4
Ke7 75. Kc5 Bf3 76. Nd5+ Kf7 77. Ne3 Kg6 78. h4 Be4 79. Kd4 Bf3 80. Ke5 Kg7 81.
a4 b6 82. Kd6 Kf7 83. Kc7 1-0

[Event "Turnier 1900-2000 "]
[Site "?"]
[Date "2006.??.??"]
[Round "?"]
[White "Centurion, Saitek"]
[Black "Elite V2, Fidelity"]
[Result "0-1"]
[ECO "D15"]
[WhiteElo "1978"]
[BlackElo "1993"]
[Annotator "Thomas Jäger"]
[PlyCount "120"]
[EventDate "2006.??.??"]
[TimeControl "300+2"]

{32MB, book.ctg, ANJATHOMAS} 1. Nf3 d5 2. c4 c6 3. d4 Nf6 4. Nc3 dxc4 5. e3 {
letzter Buchzug} b5 6. Be2 e6 7. O-O Be7 8. a4 Ba6 9. axb5 cxb5 10. Ne5 O-O 11.
Bf3 Nd5 12. Bxd5 exd5 13. Qf3 Bb7 14. Nxb5 a5 15. Nc3 Ra7 16. Qf5 Bc8 17. Qf4
Rb7 18. Re1 f6 19. Ng4 h5 20. Nh6+ gxh6 21. Qxh6 Bb4 22. Qxh5 Rh7 23. Qf3 Qd6
24. h3 Bb7 25. Nb5 Qd7 26. Nc3 Kf7 27. Re2 Rg8 28. Kh1 Rg5 {? übersieht e4} 29.
e4 dxe4 30. Nxe4 Rg6 31. Bf4 Nc6 32. Rd1 Ne7 33. d5 Bxd5 {besser Sd5} 34. Nd6+
{Verwicklungen ohne Ende - beide in ihrem Element} Bxd6 35. Rxd5 Nxd5 36. Qxd5+
Kg7 37. Qxd6 {? nach Te6 bleibt der Ausgang offen} Rxh3+ 38. Kg1 Qxd6 39. Bxd6
Rg4 40. g3 Rd4 41. Kg2 Rh7 42. Bc5 Rd5 43. Be3 Kg6 44. Kf3 Rd3 45. Rc2 Rc7 46.
Ke4 a4 47. Bb6 f5+ 48. Kf4 Rc8 49. Ba7 c3 50. Be3 Rc6 51. bxc3 Rc4+ 52. Kf3
Rcxc3 53. Rb2 Rb3 54. Rc2 Rd6 55. Rc4 a3 56. Ra4 Rc6 57. Kf4 Re6 58. g4 {?}
Re4+ 59. Rxe4 fxe4 60. Bd4 e3 0-1

[Event "Turnier 1900-2000 "]
[Site "?"]
[Date "2006.??.??"]
[Round "?"]
[White "Polgar, Mephisto"]
[Black "Citrine, Novag"]
[Result "0-1"]
[ECO "C84"]
[WhiteElo "1970"]
[BlackElo "1990"]
[Annotator "Thomas Jäger"]
[PlyCount "150"]
[EventDate "2006.??.??"]
[TimeControl "300+2"]

{32MB, book.ctg, ANJATHOMAS} 1. e4 e5 2. Nf3 Nc6 3. Bb5 a6 4. Ba4 Nf6 5. d4
exd4 6. O-O Be7 7. e5 Ne4 8. Nxd4 O-O 9. Nf5 d5 10. Bxc6 bxc6 11. Nxe7+ Qxe7
12. Re1 {letzter Buchzug} Re8 13. f3 Nd6 {letzter Buchzug} 14. Bf4 Nf5 15. Nc3
Qb4 16. Qc1 Rb8 17. Rb1 Nd4 18. Nxd5 {?!} cxd5 19. c3 Nxf3+ 20. gxf3 Qa5 21. b4
Qxa2 22. Rb2 Qc4 23. Rbe2 a5 24. bxa5 Qc5+ 25. Kh1 Qxa5 26. Qc2 c5 {
?! Citrine hält das Qualitätsopfer für gut - Superconny lässt grüßen} 27. e6
Bxe6 28. Bxb8 Rxb8 {Citrine nur noch +0,75 für sich} 29. Re5 Qa3 30. R5e3 Qa6
31. R3e2 Qd6 32. Re5 Qb6 33. f4 Qc6 34. f5 Bd7 35. Kg1 Qd6 36. Qd3 d4 37. cxd4
cxd4 38. R5e4 Qf6 39. Qxd4 Qxf5 40. Qd6 Qg5+ 41. Kh1 Qb5 42. Rd1 Bc6 43. Qd8+
Be8 44. Qc7 Ra8 45. Kg1 Qg5+ 46. Qg3 Qf5 47. Rg4 Qf6 48. Qf4 Qb6+ 49. Qd4 Qh6
50. Rg2 Kh8 51. Rgd2 Ra4 52. Re2 Ra8 53. Red2 Qe6 {
Polgar 0,00 Citrine sieht sich ca 0,5 vorne und vermeidet Zugwiederholung} 54.
Qd6 Qe3+ 55. Rf2 Kg8 56. Qd2 Qa7 57. Qd6 Rc8 58. Re1 Qa8 59. Qe7 Qa4 60. h3 Qc6
{ab jetzt 1 min/Z Citrine vermeidet nach wie vor ein Luftloch - selten nach 60
Zügen noch B f7,g7 und h7!} 61. Kh2 Ra8 62. Re4 Qc8 63. Re5 Qb8 64. Kg1 Ra1+
65. Rf1 Qb6+ 66. Rc5 Qg6+ 67. Rg5 Rxf1+ 68. Kxf1 Qd3+ 69. Kg1 Bc6 70. Qf6 Qb1+
71. Kf2 {?} Qb6+ 72. Kg3 {verliert schon!} Qg1+ 73. Kh4 Qe1+ 74. Kh5 g6+ 75.
Kg4 Bd7+ 0-1

[Event "Turnier 1900-2000 "]
[Site "?"]
[Date "2006.??.??"]
[Round "?"]
[White "Elite V2, Fidelity"]
[Black "Centurion, Saitek"]
[Result "1-0"]
[ECO "A46"]
[WhiteElo "1993"]
[BlackElo "1978"]
[Annotator "Thomas Jäger"]
[PlyCount "119"]
[EventDate "2006.??.??"]
[TimeControl "300+2"]

{32MB, book.ctg, ANJATHOMAS} 1. d4 Nf6 2. Nf3 e6 {letzter Buchzug} 3. Bg5 c5 4.
e3 {letzter Buchzug} cxd4 5. exd4 Qb6 6. Bc1 d5 7. Be2 Bd6 8. O-O O-O 9. c4
dxc4 10. Nbd2 Qd8 11. Nxc4 Bc7 12. Be3 b5 13. Nce5 a6 14. Qc2 Nd5 15. Bd3 g6
16. Rac1 f6 17. Be4 (17. Bxg6 fxe5 18. Bxh7+ Kh8 {unklar}) 17... Ra7 18. Ng4
Nxe3 19. Nxe3 Bf4 20. Qb3 Qd6 21. Rc5 f5 22. Bd3 Bb7 23. Ne5 Re8 24. Nc2 Rd8
25. Re1 Bd5 26. Qa3 Qb6 27. b4 {beide machen Fehler - Schwarz steht besser} Nd7
28. Nxd7 Raxd7 29. h3 Bh6 30. Qb2 Bf8 31. Rc3 Bg7 32. Rc5 f4 {?!} 33. Be4 f3
34. gxf3 {?!} Bc4 35. Rc6 Bxd4 36. Nxd4 Qxd4 37. Qxd4 Rxd4 38. Rxa6 R4d6 39.
Rxd6 Rxd6 40. a3 Rd2 41. Kg2 Ra2 42. Re3 Kg7 43. f4 Kf6 44. Kg3 h6 45. Rc3 Ra1
46. Kh4 Be2 47. Rg3 Bh5 48. Re3 Rg1 49. f3 Rc1 50. Kg3 Rg1+ 51. Kf2 Rh1 52. Bc6
Rxh3 53. Bxb5 Rh2+ 54. Kg3 Rd2 55. Bc4 Rd6 56. b5 Kf5 57. a4 g5 58. fxg5 hxg5
59. a5 e5 60. b6 1-0